Map: [ESL] Moondance

Players

DnS

  • Race: Protoss Protoss
  • Spawn Location: 6:00

trigger - Winner!

  • Race: Protoss Protoss
  • Spawn Location: 12:00

Event: DreamHack SC2 Masters 2022 Valencia

VOD

Have the link to the VOD?

Description

Time

  • Played on: July 1, 2022, 10:02 a.m.
  • Length: 13:42

All games in this series

Show
View Real Time Build Order
Export as new Build Order

DnS Protoss 

Build Orders: Oracle Opening, Blink Stalkers 

Get SALT Encoding   

  12  0:00  Probe  
  13  0:12  Probe  
  14  0:17  Pylon  
  14  0:24  Probe (Chrono Boost)  
  16  0:36  Probe (Chrono Boost), Gateway  
  16  0:43  Probe (Chrono Boost)  
  16  0:45  Assimilator  
  17  0:50  Probe  
  17  0:54  Assimilator  
  18  1:03  Probe (Chrono Boost)  
  19  1:06  Gateway  
  20  1:12  Probe (Chrono Boost)  
  20  1:17  Probe (Chrono Boost)  
  20  1:23  Cybernetics Core  
  21  1:29  Probe  
  22  1:37  Pylon  
  22  1:41  Probe  
  23  1:55  Probe  
  23  1:58  Adept  
  23  1:59  Adept  
  28  2:05  Stargate  
  28  2:13  Pylon  
  28  2:17  Probe  
  28  2:18  Warp Gate  
  29  2:29  Stalker  
  31  2:47  Oracle (Chrono Boost)  
  34  3:07  Nexus  
  34  3:08  Probe  
  33  3:20  Probe  
  33  3:25  Twilight Council  
  34  3:33  Probe  
  32  3:45  Probe (Chrono Boost)  
  33  3:49  Pylon  
  34  3:56  Probe (Chrono Boost)  
  34  3:58  Blink (Chrono Boost)  
  34  4:01  Probe (Chrono Boost)  
  35  4:06  Stalker x2  
  39  4:11  Gateway  
  39  4:13  Probe (Chrono Boost)  
  40  4:19  Probe (Chrono Boost)  
  42  4:28  Probe x2 (Chrono Boost)  
  41  4:32  Stalker  
  41  4:33  Stalker, Probe (Chrono Boost)  
  41  4:35  Probe  
  47  4:44  Gateway  
  47  4:45  Probe  
  48  4:51  Probe  
  49  4:57  Stalker x2, Probe  
  54  5:06  Probe  
  54  5:12  Probe  
  54  5:17  Stalker  
  54  5:18  Pylon, Probe  
  57  5:23  Stalker  
  57  5:24  Stalker  
  61  5:31  Pylon  
  61  5:32  Probe  
  62  5:36  Probe, Assimilator  
  63  5:49  Probe  
  64  5:55  Nexus  
  64  5:56  Probe  
  65  6:01  Probe  
  66  6:07  Stalker x4  
  66  6:08  Probe  
  73  6:13  Probe  
  73  6:16  Robotics Facility  
  74  6:19  Pylon  
  74  6:20  Probe  
  74  6:25  Pylon, Probe  
  76  6:36  Probe  
  73  6:46  Adept, Probe (Chrono Boost)  
  73  6:47  Stalker x2, Adept  
  76  6:49  Probe (Chrono Boost)  
  81  6:58  Probe (Chrono Boost)  
  81  6:59  Probe (Chrono Boost)  
  80  7:02  Probe (Chrono Boost)  
  80  7:04  Observer, Probe (Chrono Boost)  
  81  7:10  Probe  
  81  7:13  Probe  
  81  7:15  Stalker x3, Sentry  
  89  7:16  Probe  
  89  7:18  Shield Battery  
  89  7:22  Probe  
  91  7:25  Probe  
  86  7:38  Stalker x4  
  92  7:44  Probe x2  
  92  7:45  Probe  
  94  7:57  Probe x3 (Chrono Boost)  
  94  7:58  Forge  
  97  8:02  Assimilator  
  97  8:05  Pylon  
  97  8:06  Stalker x4  
  97  8:07  Probe (Chrono Boost)  
  97  8:08  Probe x2 (Chrono Boost)  
  97  8:10  Pylon  
  108  8:12  Probe (Chrono Boost)  
  109  8:21  Pylon  
  109  8:22  Pylon  
  109  8:38  Assimilator  
  109  8:39  Probe x3  
  112  8:44  Protoss Ground Weapons Level 1 (Chrono Boost), Charge (Chrono Boost)  
  112  8:48  Gateway  
  112  8:51  Gateway  
  112  8:54  Gateway x2  
  112  8:55  Robotics Bay  
  112  8:58  Robotics Facility, Assimilator  
  112  9:02  Nexus  
  112  9:03  Stalker x2  
  112  9:06  Shield Battery  
  112  9:09  Pylon  
  116  9:13  Stalker  
  116  9:14  Stalker  
  114  9:24  Shield Battery  
  114  9:28  Sentry  
  114  9:29  Stalker  
  112  9:35  Probe x2  
  110  9:45  Disruptor (Chrono Boost)  
  113  9:46  Stalker  
  113  9:48  Probe x3  
  113  9:51  Disruptor (Chrono Boost)  
  121  9:55  Stalker  
  121  10:00  Probe x2  
  121  10:04  Probe  
  122  10:08  Assimilator  
  122  10:10  Stalker x3  
  122  10:12  Probe  
  129  10:16  Disruptor (Chrono Boost), Sentry  
  129  10:18  Observer, Probe x2  
  136  10:28  Disruptor  
  125  10:45  Protoss Ground Weapons Level 2 (Chrono Boost)  
  125  10:52  Photon Cannon  
  125  10:54  Probe x3  
  125  10:55  Photon Cannon  
  128  10:57  Stalker x6  
  128  11:03  Stalker  
  142  11:04  Stalker  
  142  11:05  Observer  
  145  11:14  Probe  
  145  11:15  Probe  
  145  11:16  Probe  
  145  11:17  Photon Cannon  
  148  11:20  Photon Cannon  
  143  11:40  Zealot  
  143  11:41  Zealot x2  
  143  11:45  Zealot  
  147  11:48  Disruptor  
  138  11:57  Stalker x4  
  138  11:58  Disruptor  
  136  12:06  Zealot x4  
  142  12:13  Gateway  
  142  12:15  Gateway  
  142  12:18  Shield Battery  
  130  12:23  Disruptor  
  130  12:28  Stalker  
  130  12:29  Stalker x7  
  96  12:48  Probe x2 (Chrono Boost)  
  95  12:53  Stalker x8  
  111  13:00  Probe (Chrono Boost)  
  111  13:05  Probe x2 (Chrono Boost)  
  114  13:06  Probe (Chrono Boost)  
  114  13:10  Probe (Chrono Boost)  
  116  13:18  Probe x2 (Chrono Boost)  
  102  13:29  Zealot x6  
  102  13:30  Zealot  
Show
View Real Time Build Order
Export as new Build Order

trigger Protoss - Winner!

Build Orders: 1 Gate Expand, Phoenix Opening 

Get SALT Encoding   

  12  0:00  Probe  
  13  0:12  Probe  
  14  0:16  Pylon  
  14  0:24  Probe (Chrono Boost)  
  16  0:36  Probe (Chrono Boost), Gateway  
  16  0:43  Probe (Chrono Boost)  
  16  0:45  Assimilator  
  17  0:50  Probe  
  18  1:03  Probe (Chrono Boost)  
  19  1:04  Assimilator  
  20  1:12  Probe (Chrono Boost)  
  20  1:17  Probe (Chrono Boost)  
  21  1:26  Nexus  
  21  1:36  Cybernetics Core  
  21  1:40  Probe  
  21  1:44  Assimilator  
  22  1:51  Pylon  
  22  1:53  Probe  
  23  2:09  Probe  
  23  2:12  Stalker (Chrono Boost)  
  26  2:21  Probe  
  27  2:23  Stargate  
  27  2:28  Shield Battery  
  27  2:32  Warp Gate  
  27  2:33  Probe  
  28  2:38  Probe  
  28  2:42  Stalker  
  30  2:56  Probe  
  31  3:03  Probe  
  31  3:04  Shield Battery  
  32  3:07  Phoenix (Chrono Boost)  
  32  3:09  Probe  
  34  3:15  Probe  
  35  3:21  Probe (Chrono Boost)  
  35  3:23  Phoenix  
  38  3:27  Probe (Chrono Boost)  
  37  3:39  Probe x2 (Chrono Boost)  
  38  3:43  Gateway  
  38  3:45  Probe (Chrono Boost)  
  38  3:46  Probe (Chrono Boost)  
  40  3:52  Pylon  
  40  3:54  Probe  
  41  4:01  Pylon, Probe (Chrono Boost)  
  42  4:07  Probe (Chrono Boost)  
  43  4:13  Twilight Council  
  45  4:17  Probe (Chrono Boost)  
  45  4:18  Probe (Chrono Boost)  
  45  4:20  Stalker  
  45  4:22  Probe (Chrono Boost)  
  48  4:24  Probe  
  49  4:33  Probe  
  50  4:38  Robotics Facility  
  50  4:40  Probe  
  50  4:43  Adept x2  
  50  4:45  Probe  
  56  4:56  Probe  
  56  4:58  Probe  
  56  4:59  Assimilator  
  58  5:00  Nexus  
  56  5:09  Stalker x2, Probe  
  56  5:10  Blink (Chrono Boost)  
  59  5:16  Probe  
  59  5:19  Pylon  
  60  5:23  Probe  
  60  5:27  Observer (Chrono Boost)  
  62  5:33  Pylon  
  62  5:37  Probe x2, Gateway  
  62  5:39  Forge  
  62  5:40  Sentry  
  62  5:41  Stalker  
  68  5:49  Probe  
  69  5:51  Probe, Immortal (Chrono Boost)  
  71  6:05  Stalker x2  
  71  6:08  Probe, Shield Battery  
  76  6:13  Pylon  
  76  6:20  Immortal (Chrono Boost)  
  76  6:23  Probe x2  
  82  6:28  Adept  
  82  6:29  Adept  
  82  6:32  Probe  
  87  6:37  Shield Battery  
  85  6:44  Protoss Ground Weapons Level 1 (Chrono Boost), Stalker, Gateway  
  81  6:49  Stalker x2  
  81  6:51  Shield Battery  
  81  6:53  Probe x3  
  88  6:55  Assimilator  
  84  7:05  Probe x2  
  86  7:08  Probe  
  86  7:09  Pylon  
  86  7:11  Pylon, Adept  
  86  7:12  Adept x2  
  93  7:17  Probe  
  93  7:21  Pylon  
  93  7:23  Pylon  
  89  7:35  Stalker x3  
  95  7:41  Probe  
  96  7:44  Probe  
  96  7:46  Probe  
  96  7:49  Nexus, Observer  
  92  7:51  Pylon  
  92  7:54  Observer, Gateway  
  92  7:55  Gateway  
  92  7:58  Gateway  
  93  8:00  Stalker x3  
  99  8:11  Pylon  
  99  8:17  Shield Battery  
  99  8:18  Probe  
  99  8:19  Immortal  
  104  8:23  Probe x2  
  106  8:27  Stalker x4  
  106  8:30  Probe  
  106  8:31  Protoss Ground Weapons Level 2 (Chrono Boost)  
  109  8:35  Probe  
  109  8:40  Assimilator  
  110  8:44  Probe  
  111  8:48  Probe  
  111  8:55  Adept x4  
  120  8:59  Probe (Chrono Boost)  
  120  9:02  Stalker x3  
  127  9:03  Probe (Chrono Boost)  
  127  9:09  Probe x2 (Chrono Boost)  
  131  9:13  Probe x2 (Chrono Boost)  
  131  9:16  Probe (Chrono Boost)  
  131  9:26  Stalker  
  131  9:27  Stalker x6  
  131  9:28  Probe  
  140  9:38  Probe x2  
  136  9:39  Probe  
  136  9:40  Probe, Assimilator  
  136  9:42  Assimilator  
  138  9:51  Nexus, Pylon  
  138  9:56  Pylon  
  138  9:57  Observer  
  138  9:59  Observer  
  136  10:06  Stalker  
  136  10:07  Stalker x6  
  138  10:08  Warp Prism (Chrono Boost)  
  138  10:09  Probe x4  
  138  10:12  Charge  
  154  10:17  Photon Cannon  
  154  10:23  Probe x2  
  154  10:26  Pylon  
  156  10:29  Gateway  
  156  10:31  Gateway  
  144  10:37  Stalker x6  
  144  10:41  Protoss Ground Weapons Level 3 (Chrono Boost)  
  150  10:44  Stalker  
  150  10:48  Probe  
  150  10:49  Probe  
  154  10:52  Phoenix (Chrono Boost)  
  156  10:59  Probe  
  156  11:00  Probe  
  158  11:10  Stalker x3  
  158  11:11  Stalker x4  
  172  11:12  Phoenix  
  168  11:24  Gateway  
  168  11:28  Gateway  
  168  11:30  Zealot x2  
  172  11:34  Zealot x7  
  184  11:46  Phoenix  
  186  11:48  Robotics Bay  
  178  11:59  Zealot x8  
  190  12:02  Probe x2  
  176  12:11  Phoenix  
  176  12:13  Assimilator  
  178  12:17  Assimilator  
  178  12:21  Zealot  
  178  12:22  Zealot x8  
  162  12:34  Nexus, Stalker  
  162  12:35  Stalker, Disruptor  
  163  12:42  Phoenix  
  153  12:46  Stalker x6  
  153  12:47  Stalker x3  
  163  13:01  Stalker x2  
  167  13:08  Photon Cannon  
  167  13:12  Stalker x9  
  184  13:25  Pylon  
  184  13:29  Zealot  
  184  13:30  Zealot  
  165  13:35  Zealot x4  
  165  13:36  Zealot x3  

Tags
 
Add a new tag
Caveats
  • Supply blocks, unpowered buildings, or Contaminate may cause inaccurate times.
  • Supply counts are checked every 10 seconds.